 Dungeon Crawl Stone Soup version 0.20.1-1-g8b1a95d (webtiles) character file.

758 Reeggar the Slasher (level 7, -1/60 HPs)
             Began as a Red Draconian Monk on Sept 27, 2017.
             Was a Priest of Yredelemnul.
             Killed from afar by an orc wizard (3 damage)
             ... with a magic dart
             ... on level 5 of the Dungeon.
             The game lasted 00:38:30 (6245 turns).

Reeggar the Slasher (Red Draconian Monk)            Turns: 6245, Time: 00:38:33

Health: -1/60      AC: 10    Str: 19      XL:     7   Next: 50%
Magic:  8/8        EV: 13    Int:  9 (11) God:    Yredelemnul [***...]
Gold:   244        SH:  3    Dex: 11 (14) Spells: 6/6 levels left

rFire    . . .     SeeInvis .   g - +0 long sword
rCold    + . .     Gourm    .   r - +0 buckler
rNeg     . . .     Faith    .   (armour unavailable)
rPois    .         Spirit   .   e - +0 hat
rElec    .         Reflect  .   (no cloak)
rCorr    .         Harm     .   s - +0 pair of gloves
MR       .....                  n - +2 pair of boots
Stlth    ++........             (no amulet)
Regen    0.2/turn               k - ring of ice
MPRegen  0.2/turn               (no ring)

@: mighty, injury mirror, slowed, very slow
A: breathe fire, unfitting armour, fire resistance 1, cold-blooded, AC +6
a: Breathe Fire, Recall Undead Slaves, Injury Mirror, Animate Dead, Renounce
Religion


You were on level 5 of the Dungeon.
You worshipped Yredelemnul.
Yredelemnul was most pleased with you.
You were not hungry.

You visited 1 branch of the dungeon, and saw 5 of its levels.

You collected 244 gold pieces.

Inventory:

Hand Weapons
 g - a +0 long sword (weapon)
Armour
 e - a +0 hat (worn)
 n - a +2 pair of boots (worn)
 r - a +0 buckler (worn)
 s - a +0 pair of gloves (worn)
Jewellery
 k - a ring of ice (left hand)
Wands
 d - a wand of iceblast (11/15)
Scrolls
 f - 2 scrolls of teleportation
 h - 2 scrolls of identify
Potions
 o - a potion of ambrosia
Comestibles
 b - 4 bread rations
 c - 5 fruits


   Skills:
 + Level 4.7 Fighting
 + Level 6.6 Long Blades
 + Level 3.9 Dodging
 + Level 3.2 Stealth
 + Level 1.4 Shields
 + Level 1.9 Invocations


You had 6 spell levels left.
You didn't know any spells.

Dungeon Overview and Level Annotations

Branches:
Dungeon (5/15)
 Temple: D:4-7

Altars:
Ashenzari
Hepliaklqana
Kikubaaqudgha
Nemelex Xobeh
Okawaru
Yredelemnul


Innate Abilities, Weirdness & Mutations

You can breathe blasts of fire.
Your fiery red scales are hard. (AC +6)
You cannot fit into any form of body armour.
Your flesh is heat resistant. (rF+)
You are cold-blooded and may be slowed by cold attacks.


Message History

It was a potion of curing.
You feel better.
The orc wizard points at you and mumbles some strange words.
The magic dart hits you!
* * * LOW HITPOINT WARNING * * *
The orc priest begins to cast a cantrip, but forgets the words!
The orc wizard misses you.
You riposte.
You closely miss the orc wizard.
Unknown command.
You offer yourself to Yredelemnul, and are filled with unholy energy.
The orc wizard misses you. The orc priest hits you.
* * * LOW HITPOINT WARNING * * *
Yredelemnul mirrors your injury!
The orc priest is moderately wounded.
The orc wizard misses you. You block the orc priest's attack.
You barely miss the orc priest.
Your tail-slap misses the orc priest.
The orc priest is moderately wounded.
The orc wizard hits you but does no damage.
The orc wizard gestures at you while chanting.
The magic dart hits you!
You die...
Your body rises from the dead as a mindless zombie.

######### #.......#
#.......# #.......#
*##*** #.......#
*..,,, #.......#
*.#***
#####.......###.##**
#..@o............,,*
#.o##.....#####.#*,*
#..##.#..######.##..
#<.#..#.......(.....
#..#.##........#####
#..#.##........#
#..............#
###<.###.o.....# **
*#...#*#(......# *,


You could see an orc priest and an orc wizard.

Vanquished Creatures
  A phantom (D:3)
  A bullfrog (D:4)
  3 scorpions (D:4)
  A jelly (D:5)
  A centaur skeleton (D:4)
  Ijyb (D:3)
  2 iguanas
  2 worker ants (D:4)
  Robin (D:3)
  4 adders
  An ooze (D:4)
  3 worms (D:2)
  2 dart slugs
  6 leopard geckos
  5 orcs
  3 giant cockroaches
  15 goblins
  9 hobgoblins
  3 jackals (D:5)
  6 quokkas
  2 ball pythons
  8 bats
  3 frilled lizards
  9 kobolds
  A quokka skeleton (D:4)
  8 rats
  A withered plant (D:2)
102 creatures vanquished.

Vanquished Creatures (collateral kills)
  An ogre (D:4)
  Terence (D:3)
  A worker ant (D:4)
  A dart slug (D:4)
  An orc (D:3)
  2 giant cockroaches
  3 goblins (D:3)
  2 hobgoblins
  A kobold (D:3)
13 creatures vanquished.

Vanquished Creatures (others)
  An orc wizard (D:5)
  2 adder zombies
  3 goblin zombies (D:3)
  A bat skeleton (D:3)
  A giant cockroach zombie (D:4)
  A hobgoblin zombie (D:3)
  A jackal zombie (D:5)
  A leopard gecko zombie (D:4)
  An orc skeleton (D:3)
  2 quokka zombies (D:3)
14 creatures vanquished.

Grand Total: 129 creatures vanquished

Notes
Turn   | Place    | Note
-------+----------+-------------------------------------------
     0 | D:1      | Reeggar the Draconian Monk began the quest for the Orb.
     0 | D:1      | Reached XP level 1. HP: 19/19 MP: 1/1
   242 | D:1      | Reached XP level 2. HP: 26/26 MP: 2/2
  1279 | D:2      | Reached XP level 3. HP: 29/31 MP: 3/3
  1283 | D:2      | Found an ancient bone altar of Kikubaaqudgha.
  2018 | D:2      | Found a basalt altar of Yredelemnul.
  2035 | D:2      | Became a worshipper of Yredelemnul the Dark
  2035 | D:2      | Reached * piety under Yredelemnul
  2035 | D:2      | Reached ** piety under Yredelemnul
  2323 | D:2      | Found a hazy altar of Hepliaklqana.
  2491 | D:2      | Reached XP level 4. HP: 28/38 MP: 4/4
  2695 | D:3      | Reached skill level 4 in Long Blades
  2969 | D:3      | Noticed Robin
  2995 | D:3      | Killed Robin
  3119 | D:3      | Found a sparkling altar of Nemelex Xobeh.
  3119 | D:3      | Noticed Ijyb
  3135 | D:3      | Killed Ijyb
  3135 | D:3      | Reached XP level 5. HP: 32/46 MP: 5/5
  3290 | D:3      | Reached *** piety under Yredelemnul
  3469 | D:3      | Found an iron altar of Okawaru.
  3551 | D:3      | Noticed Terence
  3551 | D:3      | Noticed a phantom
  3571 | D:3      | Your ally Ijyb died
  3573 | D:3      | Killed Terence
  3573 | D:3      | Reached skill level 1 in Invocations
  3648 | D:3      | Killed a phantom
  3648 | D:3      | Reached skill level 5 in Long Blades
  4112 | D:3      | Reached XP level 6. HP: 52/52 MP: 6/6
  5224 | D:4      | Reached skill level 6 in Long Blades
  5224 | D:4      | Reached skill level 1 in Shields
  5224 | D:4      | Your scales start taking on a fiery red colour.
  5224 | D:4      | Reached XP level 7. HP: 56/60 MP: 6/8
  5224 | D:4      | Gained mutation: Your flesh is heat resistant. (rF+) [Red Draconian growth]
  5227 | D:4      | Found a shattered altar of Ashenzari.
  6093 | D:5      | Entered Level 5 of the Dungeon
  6243 | D:5      | HP: 3/60 [orc wizard/magic dart (8)]
  6245 | D:5      | Killed from afar by an orc wizard

Skill      XL: |  1  2  3  4  5  6 |
---------------+-------------------+-----
Dodging        | 3 |  3.9
Stealth        | 2 3 |  3.2
Long Blades    | 4 5 6 |  6.6
Invocations    | 1 |  1.9
Fighting       | 4 |  4.7
Shields        | 1 |  1.4

Action                   |  1- 3 |  4- 6 |  7- 9 || total
-------------------------+-------+-------+-------++-------
Melee: Falchion          |   133 |       |       ||   133
       Tailslap          |    25 |    28 |    13 ||    66
       Long sword        |       |   184 |    78 ||   262
Invok: Animate Remains   |     4 |     7 |       ||    11
       Animate Dead      |       |     6 |     9 ||    15
       Recall Undead Sla |       |     3 |       ||     3
       Injury Mirror     |       |       |     1 ||     1
  Use: Potion            |     3 |     2 |     4 ||     9
       Scroll            |       |     6 |     3 ||     9
 Stab: Sleeping          |     6 |     2 |     1 ||     9
  Eat: Chunk             |     5 |     3 |       ||     8
       Bread ration      |       |     1 |       ||     1
       Meat ration       |       |     2 |     1 ||     3
Armor: Skin              |    30 |    53 |    28 ||   111
Dodge: Dodged            |    84 |   107 |    53 ||   244
Block: Buckler           |       |    17 |    19 ||    36
       Rpst.: Falchion   |    26 |       |       ||    26
       Long sword        |       |    32 |    19 ||    51
